cohdb
Replays
Latest Replays
All Replays
Popular Replays
Top Player Replays
Match Explorer
How It Works
Community
CoH3 Stats
Reddit
Sign in to upload your games and track your stats! →
Sign in with Steam
Match 41400599
Unlisted
Match 41400599
Overview
Messages
Build Orders
End
Panzergrenadier Squad
Panzergrenadier Squad
Construct Light Support Kompanie
2.5-tonne Medical Truck
MG34 Team
Combat Half-tracks
Fire Support Elements
Pak 38 Mechanized Group
Selects Panzerjäger Kommand Battlegroup
Flakvierling Half-track
Selects Mine Fields
Selects Early Warning
Tungsten Core Ammunition
Forward Retreat Point
Vehicle Survival Package
Construct Panzerarmee Kommand
Pak 38 Mechanized Group
Panzer III L Medium Tank
Veteran Squad Leaders
Selects Butterfly Bomb Drop
Panzer III L Medium Tank
Butterfly Bomb Drop
Panzer III L Medium Tank
Selects Tank Busters
Selects Crew Shock Tactics
Panzer III L Medium Tank
Selects Anti-tank Overwatch
Anti-tank Overwatch
Panzer III L Medium Tank
Butterfly Bomb Drop
reuter-88
Husar
flyingra
**M.M.Shooter**
LauchOhneBauch
Locoduado
bf117
3booda603
0
0
Comments
sign in to comment!
No comments posted yet!